 Dungeon Crawl Stone Soup version 0.17-a0-131-ga9cda9c (webtiles) character file.

261 xeno23 the Ducker (level 6, -5/46 HPs)
             Began as a Merfolk Ice Elementalist on Mar 24, 2015.
             Slain by an orc
             ... wielding a +0 club
              (6 damage)
             ... on level 3 of the Dungeon.
             The game lasted 00:25:55 (3203 turns).

xeno23 the Ducker (Merfolk Ice Elementalist)        Turns: 3203, Time: 00:25:55

Health: -5/46      AC:  5    Str:  9    XL:     6   Next: 18%
Magic:  1/13       EV: 14    Int: 16    God:
Gold:   96         SH:  0    Dex: 14    Spells: 4 memorised, 1 level left

rFire  . . .     SeeInvis .     e - +1 spear
rCold  . . .     Clarity  .     a - +0 robe
rNeg   . . .     SustAb   +     (no shield)
rPois  .         Gourm    .     d - +2 helmet
rElec  .         Spirit   .     (no cloak)
rCorr  .         Warding  .     (no gloves)
rMut   .         Stasis   .     (no boots)
MR     .....                    (no amulet)
Stlth  ++........               (no ring)
                                k - ring of sustain abilities

@: very slightly contaminated, starving, not resistant to hostile enchantments,
unstealthy
A: change form in water, swift swim
a: no special abilities


You were on level 3 of the Dungeon.
You were starving.

You visited 1 branch of the dungeon, and saw 4 of its levels.

You collected 96 gold pieces.

Inventory:

Hand weapons
 e - a +1 spear (weapon)
 t - a +2 vampiric dagger
Armour
 a - a +0 robe (worn)
 d - a +2 helmet (worn)
Jewellery
 k - a ring of sustain abilities (left hand)
 r - an uncursed amulet of faith
 u - an uncursed ring of teleportation
 v - an uncursed ring of fire
Scrolls
 g - a scroll of identify
 h - a scroll of magic mapping
Potions
 j - 2 potions of berserk rage
 m - 2 potions of cancellation
 n - a potion of beneficial mutation {unknown}
 p - a potion of lignification
 q - a potion of cure mutation {unknown}
 s - 2 potions of curing {unknown}
Books
 b - a book of Frost

   Spells                             Type                      Level
   a - Freeze                         Ice                          1
   b - Throw Frost                    Conjuration/Ice              2
   c - Ozocubu's Armour               Charms/Ice                   3
   d - Throw Icicle                   Conjuration/Ice              4
   e - Summon Ice Beast               Ice/Summoning                4
   f - Condensation Shield            Ice                          4
Comestibles
 c - a bread ration


   Skills:
 * Level 2.6 Fighting
 + Level 3.9 Dodging
 + Level 3.0 Stealth
 * Level 3.3 Spellcasting
 + Level 1.4 Conjurations
 * Level 1.9 Charms
 * Level 0.8 Summonings
 + Level 3.6 Ice Magic


You had one spell level left.
You knew the following spells:

 Your Spells              Type           Power        Failure   Level  Hunger
a - Freeze                Ice            ##..         6%          1    None
b - Ozocubu's Armour      Chrm/Ice       ##......     17%         3    ###....
c - Summon Ice Beast      Ice/Summ       #.......     75%         4    ####...
q - Throw Frost           Conj/Ice       ##....       12%         2    ##.....


Dungeon Overview and Level Annotations

Branches:
Dungeon (4/15)
 Temple: D:4-7

Altars:
Dithmenos

Annotations:
D:3 Grinder


Message History

Okay, then.
Casting: Summon Ice Beast
Confirm with . or Enter, or press ? or * to list all spells.
Okay, then.
Casting: Summon Ice Beast
Confirm with . or Enter, or press ? or * to list all spells.
The spell is very dangerous to cast!
Continue anyway?
You miscast Summon Ice Beast.
You feel uncomfortably cold. The orc closely misses you.
Casting: Summon Ice Beast
Confirm with . or Enter, or press ? or * to list all spells.
The spell is very dangerous to cast!
Continue anyway?
You miscast Summon Ice Beast.
Your head hurts.
You are starving!
Unknown command.
Grinder gestures at you. Pain shoots through your body!
* * * LOW HITPOINT WARNING * * *
You barely miss Grinder. The orc hits you with a club.
You die...

.).o#####....<......# #.# ....#
##........#.##### #.# ....#
##.......#.....####.### .o)o#
#######..####..#.....# )...#
##.#####.#.....# ....##########
#..#.##.......#
.............######.(..###.....#
....##...###oooo.###...# #.....#
..######..######@5.....# #.....#
#....####.# #####...# #######
####....#.### #...# # ####.#...#
#...# # #..##.###### #...# #
##.>...5...####.## #
########..[....######### #
#.)##.#.....#...## ####
##...............##


You could see Grinder, an orc priest and 3 orcs.

Vanquished Creatures
  An iguana (D:4)
  A hound (D:3)
  An orc wizard (D:3)
  Ijyb (D:2)
  Terence (D:3)
  7 adders
  2 worms
  An ooze (D:3)
  7 orcs
  5 ball pythons
  6 hobgoblins
  2 jackals (D:2)
  8 kobolds
  4 bats
  A giant gecko (D:3)
  4 giant newts
  10 goblins
  3 quokkas
  9 rats
74 creatures vanquished.

Notes
Turn   | Place    | Note
--------------------------------------------------------------
     0 | D:1      | xeno23, the Merfolk Ice Elementalist, began the quest for the Orb.
     0 | D:1      | Reached XP level 1. HP: 13/13 MP: 3/3
   475 | D:1      | Reached XP level 2. HP: 18/20 MP: 2/4
   479 | D:1      | Learned a level 2 spell: Throw Frost
   535 | D:2      | Reached skill level 1 in Conjurations
   782 | D:2      | Reached XP level 3. HP: 25/25 MP: 2/6
   807 | D:2      | Learned a level 3 spell: Ozocubu's Armour
   876 | D:2      | Noticed Ijyb
   902 | D:2      | Killed Ijyb
   902 | D:2      | Reached skill level 1 in Fighting
   902 | D:2      | Reached XP level 4. HP: 18/32 MP: 0/9
   928 | D:2      | Found a shadowy altar of Dithmenos.
  1696 | D:3      | Noticed Terence
  1713 | D:3      | Killed Terence
  1713 | D:3      | Reached skill level 1 in Charms
  1838 | D:3      | Reached XP level 5. HP: 24/38 MP: 0/11
  2192 | D:3      | Noticed Grinder
  2629 | D:3      | Learned a level 4 spell: Summon Ice Beast
  2651 | D:3      | Paralysed by Grinder for 3 turns
  3008 | D:4      | Reached XP level 6. HP: 30/46 MP: 1/13
  3017 | D:4      | Noticed an ogre
  3201 | D:3      | HP: 1/46 [Grinder/nerve-wracking pain (12)]
  3203 | D:3      | Slain by an orc

Action                   |  1- 3 |  4- 6 || total
-------------------------+-------+-------++-------
Melee: Spear             |    73 |   188 ||   261
Throw: Javelin           |     1 |    10 ||    11
       Throwing net      |       |     1 ||     1
 Cast: Freeze            |    15 |    47 ||    62
       Throw Frost       |     2 |     4 ||     6
       Ozocubu's Armour  |       |     8 ||     8
  Use: Scroll            |       |    11 ||    11
       Potion            |       |     1 ||     1
 Stab: Sleeping          |     1 |     1 ||     2
  Eat: Chunk             |       |     8 ||     8
